 Dungeon Crawl Stone Soup version 0.30.1-3-gfc49f6343a (webtiles) character file.

Game seed: 17448444584884028426

7980 101zpm the Thaumaturge (level 11, -2/68 HPs)
             Began as a Djinni Fire Elementalist on July 27, 2023.
             Was an Initiate of Ashenzari.
             Slain by a shadow (24 damage)
             ... on level 10 of the Dungeon.
             The game lasted 00:40:07 (12417 turns).

101zpm the Thaumaturge (Djinni Fire Elementalist)  Turns: 12417, Time: 00:40:08

Health: -2/68      AC:  5    Str: 13    XL:     11   Next: 47%
Gold:   641        EV: 12    Int: 21    God:    Ashenzari [......] SH:  0 Dex:  9

rFire   + + .        Q - +2 short sword (holy)
rCold   x . .        (no shield)
rNeg    + + .        G - +2 leather armour of Hepliaklqana's Delight {rElec rN++ rCorr Dex-5}
rPois   ∞            O - melded +0 helmet
rElec   +            (no cloak)
rCorr   +            (no gloves)
SInv    .            (boots unavailable)
Will    ++...        (no amulet)
Stlth   ++           H - ring of willpower
HPRegen 0.31/turn    i - +6 ring of strength
MPRegen 0.00/turn

%: infuse magic (-3 HP)
@: appendages, flying
A: horns 2, flying, sickness immunity, fire resistance 2, cold vulnerability 1,
float, innate caster, HP casting, extra vitality 1
a: End Transformation, Renounce Religion, Curse Item


You were on level 10 of the Dungeon.
You worshipped Ashenzari.
Ashenzari was noncommittal.
You had temporarily grown beastly horns.
You visited 2 branches of the dungeon, and saw 11 of its levels.
You also visited: Ossuary.

You collected 667 gold pieces.
You spent 26 gold pieces at shops.

Inventory:

Hand Weapons
 Q - a +2 short sword of holy wrath (weapon)
Missiles
 o - a silver javelin
 P - 2 boomerangs
Armour
 G - the +2 leather armour of Hepliaklqana's Delight (worn) {rElec rN++ rCorr Dex-5}
   (You found it on level 5 of the Dungeon)

   Dex:       It affects your dexterity (-5).
   rElec:     It insulates you from electricity.
   rN:        It greatly protects you from negative energy.
   rCorr:     It protects you from acid and corrosion.
 O - a +0 helmet (melded)
Jewellery
 h - a ring of ice
 i - a +6 ring of strength (right hand)
 l - a ring of resist corrosion
 H - a ring of willpower (left hand)
 N - a +6 ring of strength
Wands
 t - a wand of charming (18)
 J - a wand of flame (16)
 M - a wand of polymorph (15)
Scrolls
 c - 2 scrolls of fear
 e - 5 scrolls of teleportation
 f - 3 scrolls of enchant weapon
 g - 4 scrolls of poison
 m - a scroll of brand weapon
 r - a scroll of identify
 v - 2 scrolls of enchant armour
 y - a scroll of fog
 E - 4 scrolls of noise
 F - 2 scrolls of immolation
 I - 3 scrolls of magic mapping
 K - a scroll of vulnerability
 L - a scroll of blinking
Potions
 b - 3 potions of attraction {unknown}
 d - 7 potions of curing
 j - 3 potions of brilliance {unknown}
 k - 2 potions of flight {unknown}
 n - 11 potions of degeneration
 p - 3 potions of heal wounds {unknown}
 q - 2 potions of berserk rage {unknown}
 s - a potion of ambrosia {unknown}
 u - a potion of lignification {unknown}
 w - 3 potions of might {unknown}
 x - 2 potions of magic {unknown}
 z - 2 potions of resistance {unknown}
 A - 2 potions of mutation {unknown}
 B - a potion of experience {unknown}
 C - a potion of cancellation {unknown}
 D - a potion of invisibility {unknown}


   Skills:
 + Level 1.9 Fighting
 + Level 0.3 Throwing
 + Level 3.4 Dodging
 + Level 3.6 Stealth
 + Level 12.8 Spellcasting


You knew the following spells:

 Your Spells              Type           Power      Damage    Failure   Level
a - Foxfire               Conj/Fire      100%       2x1d9     1%          1
b - Scorch                Fire           100%       2d9       1%          2
c - Volatile Blastmotes   Fire/Tloc      100%       2d18      1%          3
d - Inner Flame           Hex/Fire       61%        N/A       1%          3
e - Flame Wave            Conj/Fire      61%        2d14      1%          4
f - Beastly Appendage     Tmut           100%       N/A       1%          1
g - Momentum Strike       Conj/Tloc      100%       3d10      1%          2
h - Call Canine Familiar  Summ           61%        N/A       1%          3
i - Sticky Flame          Conj/Fire      61%        2d8       1%          4
j - Airstrike             Air            30%        2d(5-21)  1%          4
Your spell library was empty.

Dungeon Overview and Level Annotations

Branches:
Dungeon (10/15)            Temple (1/1) D:6         Ossuary (visited)
   Lair: D:8-11         Orc: D:9-12

Altars:
Ashenzari
Cheibriados
Dithmenos
Elyvilon
Fedhas
Hepliaklqana
Makhleb
Nemelex Xobeh
Okawaru
Qazlal
Ru
Trog
Uskayaw
Wu Jian
Xom
Yredelemnul
Zin
The Shining One

Shops:
D:3 *=?!*   D:7 (

Annotations:
D:3 1 runed translucent door, Crazy Yiuf
D:4 2 transporters, LaMa's ghost, amateur MfTm


Innate Abilities, Weirdness & Mutations

You have temporarily grown beastly horns.
You are flying.
You are immune to sickness and miasma.
You are immune to poison.
Your flesh is very heat resistant. (rF++)
You are vulnerable to cold. (rC-)
You float through the air rather than walking.
You learn spells naturally, not from books.
Your magical power is your life essence.
You have superior vitality. (+4 MHP)


Message History

Flame seeps out of the yak.
The yak is lightly wounded.
The yak is engulfed in blazing flames.
Flame seeps out of the yak.
There are monsters nearby!
Casting: Airstrike (safe; 1% risk of failure)
Confirm with . or Enter, or press ? or * to list all spells.
Flames lash the yak.
The yak explodes!
Casting: Scorch (safe; 1% risk of failure)
Confirm with . or Enter, or press ? or * to list all spells.
Flames lash the yak.
Flame seeps out of the yak.
The yak is heavily wounded.
The yak's fire resistance burns away.
The yak is engulfed in blazing flames.
The yak explodes!
You hear a bellow!
You hear a shout! x2
A shadow comes into view.
Casting: Scorch (safe; 1% risk of failure)
Confirm with . or Enter, or press ? or * to list all spells.
Aiming: Inner Flame (safe; 1% risk of failure)
Press: ? - help, Dir - move target, f - shadow
Aim: a shadow (lightly damaged, chance to affect: 88%)
The shadow is filled with an inner flame.
You are too injured to fight recklessly!
Casting: Foxfire (safe; 1% risk of failure)
Press: ? - help, Q - select action, (/) - cycle Dir - look around, f - activate You conjure some foxfire!
Casting: Foxfire (safe; 1% risk of failure)
Confirm with . or Enter, or press ? or * to list all spells.
Okay, then.
Your foxfire dissipates!
Casting: Foxfire (safe; 1% risk of failure)
Confirm with . or Enter, or press ? or * to list all spells.
The shadow slips into darkness.
The shadow flickers and vanishes!
Deactivating autopickup; reactivate with Ctrl-A.
Casting: Call Canine Familiar (safe; 1% risk of failure)
Confirm with . or Enter, or press ? or * to list all spells.
Flames lash something.
Flame seeps out of something. x2
The shadow strikes at you from the darkness!
You die...

.~~~.~.~~~~...<#
♣P.P.~.~P♣♣♣♣#.#
♣♣♣♣♣♣~P♣♣ #.# #
♣P~~♣ ##.###### ###
♣~~♣♣ #.[(....# ..#
♣P~♣♣ #)####..#
#.##♣♣.P♣####.####..#
.....#......#.##....#
#.#####.....#.##@#.##
#.#
#........{#☼..§...
#.#
#....(#..♣♣.○.#...
#.#####.....##♣♣ ~†.#
#. .....#######♣ ~~~#
#.##.# ~~~♣ #.. ...
≈~~~ ####>##.# ~~~~P
.# ~P


There were no monsters in sight!

Vanquished Creatures
  Maggie (D:6)
  A hornet (D:9)
  2 wraiths (D:9)
  2 steam dragons
  6 yaks
  3 vampire mosquitoes (D:10)
  Edmund (D:6)
  A water moccasin (D:7)
  3 ice beasts
  4 orc warriors
  A black bear (D:5)
  4 ogres
  2 centaurs (D:9)
  2 kobold brigands
  3 phantoms
  3 bullfrogs
  A gnoll sergeant (D:6)
  5 scorpions
  3 elf skeletons (D:5)
  24 wights
  5 killer bees (D:9)
  2 howler monkeys
  2 electric eels (D:10)
  A centaur zombie (Ossuary)
  5 hounds
  2 human zombies
  A gnoll bouda (D:7)
  8 orc priests
  3 jellies
  2 sleepcaps (D:6)
  A human skeleton (D:5)
  4 iguanas
  Ijyb (D:4)
  6 orc wizards
  4 mummies (Ossuary)
  3 gnolls (D:7)
  10 adders
  3 ufetubi
  2 worms
  5 dart slugs
  25 orcs
  8 ball pythons
  6 endoplasms
  4 giant cockroaches
  10 goblins
  6 hobgoblins
  A quokka (D:2)
  3 bats
  5 frilled lizards
  2 gnoll zombies (Ossuary)
  A goblin zombie (Ossuary)
  2 hobgoblin zombies (Ossuary)
  8 kobolds
  A kobold zombie (Ossuary)
  An orc skeleton (D:5)
  8 rats
233 creatures vanquished.

Vanquished Creatures (collateral kills)
  A hornet (D:9)
  A scorpion (D:4)
  An orc priest (D:6)
  5 foxfires (D:10)
8 creatures vanquished.

Vanquished Creatures (others)
  587 foxfires
587 creatures vanquished.

Grand Total: 828 creatures vanquished

Notes
Turn   | Place    | Note
-------+----------+-------------------------------------------
     0 | D:1      | 101zpm the Djinni Fire Elementalist began the quest for the
                  | Orb.
     0 | D:1      | 101zpm set off with the following spells memorised:
                  | Foxfire, Scorch, Volatile Blastmotes, Inner Flame, Flame
                  | Wave.
     0 | D:1      | Reached XP level 1. HP: 15/15 MP: 0/0
    83 | D:1      | Reached XP level 2. HP: 7/21 MP: 0/0
   202 | D:1      | Found a faded altar of an unknown god.
   436 | D:2      | Reached skill level 3 in Spellcasting
   448 | D:2      | Reached XP level 3. HP: 22/25 MP: 0/0
   448 | D:2      | Learned a level 1 spell: Beastly Appendage
   767 | D:2      | Reached XP level 4. HP: 27/31 MP: 0/0
   934 | D:3      | Found Ityirgh's Jewellery Emporium.
   953 | D:3      | Noticed a bullfrog
   957 | D:3      | Killed a bullfrog
   958 | D:3      | Reached skill level 4 in Spellcasting
   958 | D:3      | Reached XP level 5. HP: 29/35 MP: 0/0
   958 | D:3      | Learned a level 2 spell: Momentum Strike
  1058 | D:3      | Found Wumogh's General Store.
  1158 | D:3      | Found Cugisk's Magic Scroll Emporium.
  1166 | D:3      | Bought a scroll of identify for 26 gold pieces
  1194 | D:3      | Found a glowing golden altar of the Shining One.
  1259 | D:3      | Found a white marble altar of Elyvilon.
  1288 | D:3      | Found Kabur's Assorted Antiques.
  1597 | D:3      | Found a runed translucent door.
  1598 | D:3      | Noticed Crazy Yiuf
  1713 | D:3      | Found a snail-covered altar of Cheibriados.
  1867 | D:3      | Found Tungur's Distillery.
  2057 | D:4      | Reached XP level 6. HP: 33/40 MP: 0/0
  2065 | D:4      | Reached skill level 5 in Spellcasting
  2070 | D:4      | Found an ornate altar of the Wu Jian Council.
  2275 | D:4      | Reached XP level 7. HP: 28/45 MP: 0/0
  2275 | D:4      | Learned a level 3 spell: Call Canine Familiar
  2429 | D:4      | Reached skill level 1 in Fighting
  2741 | D:4      | Reached skill level 6 in Spellcasting
  3121 | D:4      | Noticed Ijyb
  3125 | D:4      | Killed Ijyb
  3147 | D:4      | Found a transporter.
  3150 | D:4      | Noticed LaMa's ghost (amateur MfTm)
  3152 | D:4      | Found a transporter.
  3196 | D:5      | Entered Level 5 of the Dungeon
  3203 | D:5      | Reached XP level 8. HP: 5/52 MP: 0/0
  3627 | D:5      | Reached skill level 7 in Spellcasting
  3944 | D:5      | Found a sand-covered staircase.
  3955 | Ossuary  | Entered an ossuary
  4804 | D:5      | Reached XP level 9. HP: 28/58 MP: 0/0
  4804 | D:5      | Learned a level 4 spell: Sticky Flame
  5019 | D:5      | Reached skill level 8 in Spellcasting
  5209 | D:5      | Identified the +2 leather armour of Hepliaklqana's Delight
                  | {rElec rN++ rCorr Dex-5}
  6421 | D:6      | Found a staircase to the Ecumenical Temple.
  6448 | D:6      | Noticed Maggie
  6455 | D:6      | Killed Maggie
  6456 | D:6      | Reached skill level 9 in Spellcasting
  6683 | Temple   | Entered the Ecumenical Temple
  6962 | Temple   | Became a worshipper of Ashenzari the Shackled
  7095 | D:6      | Noticed Edmund
  7102 | D:6      | Killed Edmund
  7245 | D:6      | Found a stormy altar of Qazlal.
  7423 | D:6      | Reached XP level 10. HP: 23/64 MP: 0/0
  7430 | D:6      | Reached skill level 10 in Spellcasting
  7638 | D:6      | Found a shimmering altar of Xom.
  7902 | D:6      | Found a sacrificial altar of Ru.
  8387 | D:7      | Found Liegaup's General Store.
  8434 | D:7      | HP: 3/64 [orc warrior/+0 glaive (12)]
  8679 | D:7      | Found Zafinloto's Weapon Boutique.
  8904 | D:7      | Found a bloodstained altar of Trog.
  9111 | D:7      | Reached skill level 11 in Spellcasting
 10086 | D:8      | Found a shadowy altar of Dithmenos.
 10561 | D:8      | Reached XP level 11. HP: 59/68 MP: 0/0
 10561 | D:8      | Learned a level 4 spell: Airstrike
 10946 | D:9      | Found a burning altar of Makhleb.
 11026 | D:9      | Reached skill level 12 in Spellcasting
 11278 | D:9      | Found an iron altar of Okawaru.
 11963 | D:9      | Found a hazy altar of Hepliaklqana.
 11965 | D:9      | Found a hide-covered altar of Uskayaw.
 12264 | D:10     | Entered Level 10 of the Dungeon
 12417 | D:10     | Slain by a shadow

Illustrated notes

Levels and vault maps discovered:
D:1:      roderic_chinese_lattice_arrival, layout_rooms,
          ebering_ecumenical_altar_hall
D:2:      layout_basic
D:3:      layout_loops_ring, lemuel_crystal_altar, kennysheep_slug_shrine,
          nicolae_tso_carved_into_rock, serial_shops,
          nicolae_shop_hallway_stairs, nicolae_shop_industrial_runoff,
          nicolae_shop_pleasant_corner_grove, shop, shop,
          kennysheep_generic_room_13, uniq_crazy_yiuf_cottage
D:4:      layout_basic, mainiacjoe_overflow_six_doors_small,
          gammafunk_ghost_smash, kennysheep_nondescript, serial_bayou_pond_b,
          kennysheep_generic_room_4, uniq_ijyb
D:5:      wad_crossroads, layout_loops_corners, nicolae_overflow_crystal_walls,
          nicolae_ossuary_entry_catacombs, serial_bayou_pond_d
D:6:      hellmonk_ruined_rings, layout_basic, nicolae_qazlal_general_emergency,
          lemuel_coloured_pillars_altar, xom_confusion_cloud,
          minmay_temple_entry_junction, uniq_maggie, uniq_edmund
D:7:      layout_loops_ring, bloody_trog, serial_shops, nicolae_shop_stone,
          shop, grunt_ministairs_8, kennysheep_generic_room_3
D:8:      layout_loops_corners, nicolae_overflow_two_pavilions
D:9:      layout_loops_ring, bloody_makhleb, jmf_multi_god_temple,
          kennysheep_okawaru_gauntlet
D:10:     layout_loops_cross, grunt_gozag_breadcrumbs,
          erik_lair_orcish_takeover, serial_bayou, serial_bayou_lagoon_b,
          serial_bayou_crossing, serial_bayou_pond_b, serial_bayou_ford_a,
          serial_park_tiny_1, small_statue_intersection, uniq_grum
Temple:   hellmonk_temple_flake

Skill      XL: |  1  2  3  4  5  6  7  8  9 10 11 |
---------------+----------------------------------+-----
Spellcasting   | 3 4 5 6 7 9 11 12 | 12.8
Stealth        | 2 3 |  3.6
Fighting       | 1 |  1.9
Dodging        | 3 |  3.4
Throwing       | |  0.3

Action                     |  1- 3 |  4- 6 |  7- 9 | 10-12 || total
---------------------------+-------+-------+-------+-------++-------
  Throw: Javelin           |       |     4 |       |       ||     4
   Cast: Foxfire           |    72 |    41 |   118 |   141 ||   372
         Scorch            |     7 |    27 |    77 |    62 ||   173
         Inner Flame       |       |    10 |    59 |    74 ||   143
         Beastly Appendage |       |     2 |     6 |     4 ||    12
         Call Canine Famil |       |       |    20 |    20 ||    40
         Volatile Blastmot |       |       |     1 |       ||     1
         Airstrike         |       |       |       |     2 ||     2
    Use: Scroll            |       |     1 |     6 |     5 ||    12
 Armour: Robe              |       |       |     1 |     1 ||     2
  Dodge: Dodged            |     2 |     1 |    13 |     7 ||    23
